 Dungeon Crawl Stone Soup version 0.22-a0-305-gd21a89c (webtiles) character file.

938 RoseArtemis the Chopper (level 7, 0/94 HPs)
             Began as a Minotaur Berserker on Mar 30, 2018.
             Was a Believer of Trog.
             Succumbed to a hornet's poison
             ... on level 5 of the Dungeon.
             The game lasted 00:06:37 (2965 turns).

RoseArtemis the Chopper (Minotaur Berserker)        Turns: 2965, Time: 00:06:38

Health: 0/94       AC: 11    Str: 27    XL:     7   Next: 87%
Magic:  6/6        EV: 10    Int:  6    God:    Trog [**....]
Gold:   124        SH:  0    Dex:  9    Spells: 6/6 levels left

rFire    . . .     SeeInvis .   a - +0 hand axe
rCold    . . .     Gourm    .   (no shield)
rNeg     . . .     Faith    .   m - +0 chain mail
rPois    .         Spirit   .   (helmet restricted)
rElec    .         Reflect  .   l - +0 cloak
rCorr    .         Harm     .   (no gloves)
MR       ++...                  (no boots)
Stlth    ..........             (no amulet)
HPRegen  1.25/turn              (no ring)
MPRegen  0.10/turn              (no ring)

@: berserking, lethally poisoned (0 -> -12), regenerating, slowed
A: retaliatory headbutt, horns 2
a: Berserk, Trog's Hand, Renounce Religion


You were on level 5 of the Dungeon.
You worshipped Trog.
Trog was pleased with you.
You were very hungry.

You visited 1 branch of the dungeon, and saw 5 of its levels.

You collected 124 gold pieces.

Inventory:

Hand Weapons
 a - a +0 hand axe (weapon)
Missiles
 t - a throwing net (quivered)
Armour
 l - a +0 cloak (worn)
 m - a +0 chain mail (worn)
Jewellery
 h - a +6 amulet of reflection {unknown}
Wands
 q - a wand of paralysis (8)
Scrolls
 f - a scroll of fear {unknown}
 k - a scroll of random uselessness {unknown}
 n - a scroll of magic mapping {unknown}
 o - a scroll of teleportation {unknown}
 p - 2 scrolls of remove curse
 s - a scroll of noise {unknown}
Potions
 d - a potion of heal wounds
 e - a potion of lignification
 g - 2 potions of agility
 i - a potion of might {unknown}
 j - a potion of curing {unknown}
 r - a potion of mutation {unknown}
Comestibles
 b - 8 chunks of flesh
 c - 11 rations


   Skills:
 + Level 6.0 Fighting
 * Level 7.7 Axes
 + Level 5.3 Armour
 + Level 4.9 Dodging


You had 6 spell levels left.
You didn't know any spells.

Dungeon Overview and Level Annotations

Branches:
Dungeon (5/15)
 Temple: D:4-7

Altars:
Ashenzari
Cheibriados
Elyvilon
Gozag
Nemelex Xobeh
Qazlal
Uskayaw
Xom

Shops:
D:4 %


Innate Abilities, Weirdness & Mutations

You reflexively headbutt those who attack you in melee.
You have a pair of horns on your head.


Message History

You feel as though you will be slow longer.
You closely miss the hornet. You hit the phantom.
You feel very sick.
The phantom hits you but does no damage.
The hornet barely misses you. The gnoll closely misses you.
You miss the hornet. You slash the phantom!
You feel sick. The hornet barely misses you.
The phantom hits you but does no damage.
The gnoll hits you but does no damage.
You hit the hornet.
The hornet is lightly wounded.
You closely miss the phantom.
You feel sick. The hornet stings you!
* * * LOW HITPOINT WARNING * * *
You feel as though you will be slow longer.
The phantom blinks!
The hornet stings you.
* * * LOW HITPOINT WARNING * * *
You are more poisoned.
You feel as though you will be slow longer.
The gnoll hits you but does no damage.
You die...

##.......... ....<....
........##.# #..........
........##.###...........
........##...............
.........................
.#......)..............#
.......................#.
.......#.....#...........
#....))).###.#.%@........
.........# #......†g.....
#.....##..........y....[.
......###.....#####......
......# #....## ......
......# #...## W....
..##### ...## .>... ..#
#### .#.. .## #...


You could see a phantom, a hornet and a gnoll.

Vanquished Creatures
  The ghost of xccam the Carver, a novice FoFi (D:5)
  A bullfrog (D:4)
  A scorpion (D:5)
  A crimson imp (D:3)
  A bullfrog skeleton (D:4)
  An orc priest (D:4)
  An iguana (D:4)
  2 worker ants (D:4)
  2 gnolls (D:5)
  3 adders
  2 worms
  2 leopard geckos
  8 orcs
  8 bats
  2 giant cockroaches
  8 goblins
  7 hobgoblins
  9 jackals
  9 kobolds
  A quokka (D:2)
  A ball python (D:3)
  7 frilled lizards
  8 rats
86 creatures vanquished.

Notes
Turn   | Place    | Note
-------+----------+-------------------------------------------
     0 | D:1      | RoseArtemis the Minotaur Berserker began the quest for the Orb.
     0 | D:1      | Reached XP level 1. HP: 19/19 MP: 0/0
   354 | D:1      | Reached XP level 2. HP: 27/27 MP: 1/1
   354 | D:1      | Reached skill level 4 in Axes
   933 | D:2      | Found a faded altar of an unknown god.
   975 | D:2      | Reached XP level 3. HP: 33/33 MP: 2/2
  1226 | D:2      | Found a shimmering altar of Xom.
  1291 | D:2      | Reached ** piety under Trog
  1479 | D:3      | Found a stormy altar of Qazlal.
  1520 | D:3      | Found a sparkling altar of Nemelex Xobeh.
  1636 | D:3      | Found an opulent altar of Gozag.
  1814 | D:3      | Reached XP level 4. HP: 40/40 MP: 3/3
  1822 | D:3      | Found a shattered altar of Ashenzari.
  2036 | D:3      | Found a snail-covered altar of Cheibriados.
  2060 | D:3      | Reached skill level 5 in Axes
  2138 | D:4      | Found Ashuuzed's Food Boutique.
  2190 | D:4      | Reached XP level 5. HP: 43/47 MP: 4/4
  2227 | D:4      | Found a white marble altar of Elyvilon.
  2347 | D:4      | Found a hide-covered altar of Uskayaw.
  2353 | D:4      | Noticed a dagger
  2353 | D:4      | Noticed a dagger
  2534 | D:4      | Reached *** piety under Trog
  2534 | D:4      | Reached XP level 6. HP: 55/55 MP: 5/5
  2762 | D:4      | Reached skill level 6 in Axes
  2826 | D:4      | Reached skill level 5 in Fighting
  2856 | D:5      | Entered Level 5 of the Dungeon
  2866 | D:5      | Noticed xccam's ghost (novice FoFi)
  2875 | D:5      | Killed xccam's ghost
  2875 | D:5      | Reached skill level 7 in Axes
  2875 | D:5      | Reached skill level 5 in Armour
  2875 | D:5      | Reached XP level 7. HP: 62/62 MP: 6/6
  2951 | D:5      | Noticed a hornet
  2956 | D:5      | Paralysed by a hornet for 2 turns
  2964 | D:5      | HP: 2/94 [hornet (6)]
  2965 | D:5      | Succumbed to a hornet's poison

Vault maps used:
D:1:      lemuel_arrival_river_ford, minmay_bisected
D:2:      brannock_xom_greatest_gift, chequers_ecumenical_altar_grove
D:3:      old_standard_altar, overflow_temple_1_default,
          nicolae_overflow_crystal_walls, lemuel_crystal_altar,
          grunt_gozag_breadcrumbs, kennysheep_minor_cross
D:4:      dancing_weapons_uskayaw, nicolae_overflow_hidden_temple, serial_shops,
          shop
D:5:      nicolae_tso_swordbearing_angel, first_ration, minmay_misc_feat_plants,
          uniq_eustachio

Skill      XL: |  1  2  3  4  5  6  7 |
---------------+----------------------+-----
Axes           | 4 5 7 |  7.7
Fighting       | 4 5 6 |  6.0
Armour         | 3 4 5 |  5.3
Dodging        | 3 4 |  4.9

Action                   |  1- 3 |  4- 6 |  7- 9 || total
-------------------------+-------+-------+-------++-------
Melee: Hand axe          |   133 |    86 |    13 ||   232
       Headbutt          |    20 |    20 |       ||    40
Invok: Berserk           |     3 |     2 |     1 ||     6
       Trog's Hand       |       |     1 |     1 ||     2
  Use: Scroll            |     4 |     4 |       ||     8
  Eat: Chunk             |     6 |     4 |     2 ||    12
Armor: Animal skin       |    15 |       |       ||    15
       Chain mail        |    42 |    33 |    21 ||    96
Dodge: Dodged            |    81 |    36 |    13 ||   130

Table legend:
 A = Spawn XP
 B = Non-spawn XP
 C = Spawn XP percentage of total XP
 D = Spawn monster count
 E = Non-spawn monster count
 F = Spawn count percentage of total count
 G = Total turns spent on level
                    A         B        C        D         E        F      G
               +---------+---------+-------+---------+---------+-------+---------
         Total |       0 |    1341 |   0.0 |       0 |      86 |   0.0 |  2965
               +---------+---------+-------+---------+---------+-------+---------
           D:1 |       0 |      29 |   0.0 |       0 |      21 |   0.0 |   743
           D:2 |       0 |      34 |   0.0 |       0 |      18 |   0.0 |   661
           D:3 |       0 |      96 |   0.0 |       0 |      21 |   0.0 |   729
           D:4 |       0 |     328 |   0.0 |       0 |      19 |   0.0 |   723
           D:5 |       0 |     854 |   0.0 |       0 |       7 |   0.0 |   109
               +---------+---------+-------+---------+---------+-------+---------
